 Dungeon Crawl Stone Soup version 0.24-a0-507-g3e8b2426 (webtiles) character file.

Game seed: 5434504360370079739

1030 DinnerBoy7 the Shield-Bearer (level 8, -2/61 HPs)
             Began as a Formicid Fighter on July 18, 2019.
             Slain by a killer bee (7 damage)
             ... on level 6 of the Dungeon.
             The game lasted 00:16:31 (5116 turns).

DinnerBoy7 the Shield-Bearer (Formicid Fighter)     Turns: 5116, Time: 00:16:33

Health: -2/61      AC:  9    Str: 24    XL:     8   Next: 47%
Magic:  8/8        EV: 10    Int:  9    God:
Gold:   227        SH: 13    Dex: 10    Spells: 7/7 levels left

rFire    . . .     SeeInvis +   f - +3 falchion
rCold    . . .     Gourm    .   c - +0 shield
rNeg     . . .     Faith    .   b - +0 scale mail
rPois    .         Spirit   .   (helmet unavailable)
rElec    .         Reflect  +   (no cloak)
rCorr    .         Harm     .   (no gloves)
MR       .....                  (no boots)
Stlth    ..........             u - +3 amulet of reflection
HPRegen  0.20/turn              (no ring)
MPRegen  0.11/turn              (no ring)

@: lethally poisoned (-2 -> -24), studying Bows
A: permanent stasis, dig shafts and tunnels, four strong arms, antennae 3,
yellow scales 1, clever 1, sturdy frame 1
a: Dig, Shaft Self


You were on level 6 of the Dungeon.
You were hungry.

You visited 1 branch of the dungeon, and saw 5 of its levels.

You collected 227 gold pieces.

Inventory:

Hand Weapons
 a - a +0 quarterstaff
 e - a +0 club
 f - a +3 falchion (weapon)
 h - a +0 dagger
 l - a cursed -2 club
 o - a +0 spear
 p - a cursed -1 giant spiked club
 q - a +1 whip of flaming
Missiles
 i - 67 stones (quivered)
Armour
 b - a +0 scale mail (worn)
 c - a +0 shield (worn)
 r - a +2 robe
Jewellery
 u - a +3 amulet of reflection (around neck)
Scrolls
 g - 2 scrolls of amnesia {unknown}
 j - 2 scrolls of remove curse
 m - a scroll of teleportation {unknown}
 s - a scroll of immolation {unknown}
 t - a scroll of enchant weapon {unknown}
Potions
 n - a potion of brilliance {unknown}
Books
 d - a manual of Bows
Comestibles
 k - 2 rations
 v - 2 chunks of flesh


   Skills:
 + Level 4.5 Fighting
 + Level 2.5 Long Blades
 - Level 5.0 Staves
 + Level 5.8 Armour
 + Level 2.1 Dodging
 + Level 0.3 Stealth
 + Level 6.5 Shields


You had 7 spell levels left.
You didn't know any spells.
Your spell library contained the following spells:

 Spells                   Type           Power        Failure   Level  Hunger
 Animate Skeleton         Necr           N/A          75%         1    ##.....
 Apportation              Tloc           #.....       75%         1    ##.....
 Confusing Touch          Hex            #.....       75%         1    ##.....
 Summon Small Mammal      Summ           #...         75%         1    ##.....


Dungeon Overview and Level Annotations

Branches:
Dungeon (6/15)             Temple (0/1) D:4

Altars:
Gozag
Xom

Shops:
D:4 :


Innate Abilities, Weirdness & Mutations

You cannot be hasted, slowed, berserked, paralysed or teleported.
You can dig through walls and to a lower floor.
Your four strong arms can wield two-handed weapons with a shield.
You have a pair of large antennae on your head. (SInv)
You are partially covered in yellow scales. (AC +2)
Your mind is acute. (Int +2)
Your movements are slightly less encumbered by armour. (ER -2)


Message History

* * * LOW HITPOINT WARNING * * *
You feel sick. You block the killer bee's attack. The killer bee stings you.
* * * LOW HITPOINT WARNING * * *
The killer bee stings you.
* * * LOW HITPOINT WARNING * * *
The killer bee stings you.
* * * LOW HITPOINT WARNING * * *
You are more poisoned.
The killer bee poisons you!
The killer bee stings you but does no damage.
The killer bee barely misses you.
You riposte.
You closely miss the killer bee.
The killer bee is heavily wounded.
You block the killer bee's attack.
Your scale mail prevents you from hitting the killer bee.
The killer bee is heavily wounded.
* * * LOW HITPOINT WARNING * * *
You feel very sick. The killer bee closely misses you.
You block the killer bee's attack. x2
The killer bee misses you. The killer bee stings you!
You die...

#...............#
#..$.#...............#
#....#...............#
#....#...............#
#....#...............#
#....#.......#########
+....#.......# ....
#....#y......# .....
#...yy@......# ....
#...y#y......# #..
.......#.......# ###
#.. .......+.......#
...##..
.##....#.......#
....... ######...)...#
.....^. +.......#
....... #.......###
..##.. #.........#
..####


You could see 5 killer bees.

Vanquished Creatures
  Pikel (D:4)
  2 slaves (D:4)
  2 ogres
  A killer bee (D:6)
  2 crimson imps
  A hound (D:6)
  An orc priest (D:5)
  A bullfrog skeleton (D:5)
  2 worker ants
  A hound skeleton (D:4)
  6 adders
  A shadow imp (D:5)
  An ooze (D:5)
  2 adder skeletons
  2 worms
  A dart slug (D:1)
  2 leopard geckos (D:1)
  7 orcs
  3 ball pythons
  A giant cockroach (D:4)
  3 goblins (D:1)
  5 hobgoblins
  7 jackals
  4 kobolds (D:1)
  2 quokkas (D:5)
  2 frilled lizards
  A jackal skeleton (D:6)
  A leopard gecko skeleton (D:4)
  A quokka skeleton (D:4)
  3 rats (D:1)
69 creatures vanquished.

Vanquished Creatures (others)
  A howler monkey (D:4)
  A bullfrog skeleton (D:4)
2 creatures vanquished.

Grand Total: 71 creatures vanquished

Notes
Turn   | Place    | Note
-------+----------+-------------------------------------------
     0 | D:1      | DinnerBoy7 the Formicid Fighter began the quest for the
                  | Orb.
     0 | D:1      | Reached XP level 1. HP: 18/18 MP: 1/1
   287 | D:1      | Reached XP level 2. HP: 3/24 MP: 2/2
   680 | D:1      | Reached skill level 4 in Shields
   680 | D:1      | Reached XP level 3. HP: 29/29 MP: 3/3
  1429 | D:2      | You fall into a shaft and drop 2 floors!
  1490 | D:4      | Reached XP level 4. HP: 22/35 MP: 4/4
  1688 | D:4      | Found Jixahet's Book Emporium.
  1752 | D:4      | Noticed an ogre
  1779 | D:4      | HP: 1/35 [ogre/cursed -1 giant spiked club (13)]
  1789 | D:5      | Entered Level 5 of the Dungeon
  2095 | D:4      | Killed an ogre
  2095 | D:4      | Reached skill level 1 in Dodging
  2095 | D:4      | Reached XP level 5. HP: 23/41 MP: 5/5
  2268 | D:4      | Reached XP level 6. HP: 42/47 MP: 6/6
  2583 | D:4      | Noticed a slave
  2583 | D:4      | Noticed a slave
  2602 | D:4      | Killed a slave
  2617 | D:4      | Killed a slave
  2839 | D:4      | Noticed a slave
  2841 | D:4      | Noticed Pikel
  2847 | D:4      | Noticed a slave
  2872 | D:4      | Gained mutation: You are partially covered in yellow
                  | scales. (AC +2) [potion of mutation]
  2872 | D:4      | Gained mutation: Your movements are slightly less
                  | encumbered by armour. (ER -2) [potion of mutation]
  2872 | D:4      | Gained mutation: Your mind is acute. (Int +2) [potion of
                  | mutation]
  2877 | D:4      | Killed Pikel
  2877 | D:4      | Reached skill level 5 in Armour
  2877 | D:4      | Reached skill level 5 in Shields
  2877 | D:4      | Reached XP level 7. HP: 5/55 MP: 7/7
  3327 | D:4      | Found a staircase to the Ecumenical Temple.
  3734 | D:5      | Reached skill level 5 in Staves
  3759 | D:5      | Reached XP level 8. HP: 32/61 MP: 8/8
  3764 | D:5      | Reached skill level 6 in Shields
  4150 | D:5      | Reached skill level 1 in Long Blades
  4686 | D:5      | Found a shimmering altar of Xom.
  4890 | D:6      | Found an opulent altar of Gozag.
  5116 | D:6      | Slain by a killer bee

Levels and vault maps discovered:
D:1:      psy_arrival_conway, layout_basic, item_on_display_a
D:2:      kb_forest_paths, layout_basic, lemuel_doored_altar, first_ration,
          uniq_sigmund
D:4:      layout_loops_ring, minmay_temple_entry_enclosed_plants, serial_shops,
          shop, serial_rivers, chequers_serial_rivers_small_b,
          chequers_serial_rivers_micro_e, chequers_serial_rivers_room_a,
          chequers_serial_rivers_room_b, chequers_serial_rivers_micro_d,
          chequers_serial_rivers_large_a, minmay_checkerbox, uniq_pikel
D:5:      layout_basic, kennysheep_mini_moat
D:6:      layout_gridville, nicolae_overflow_crystal_walls

Skill      XL: |  1  2  3  4  5  6  7  8 |
---------------+-------------------------+-----
Shields        | 4 5 6 |  6.5
Armour         | 4 5 |  5.8
Staves         | 3 4 5 |  5.0
Dodging        | 1 2 |  2.1
Fighting       | 4 |  4.5
Long Blades    | 2 |  2.5
Stealth        | |  0.3

Action                   |  1- 3 |  4- 6 |  7- 9 || total
-------------------------+-------+-------+-------++-------
Melee: Quarterstaff      |    84 |   139 |     5 ||   228
       Falchion          |       |       |   107 ||   107
 Abil: Dig               |     2 |     2 |       ||     4
  Use: Potion            |     1 |     2 |       ||     3
       Scroll            |     1 |       |     2 ||     3
  Eat: Ration            |     1 |       |     1 ||     2
       Chunk             |       |     3 |     4 ||     7
Armor: Scale mail        |    53 |    54 |    57 ||   164
Dodge: Dodged            |    39 |    55 |    60 ||   154
Block: Shield            |    75 |    95 |    95 ||   265
       Rpst.: Falchion   |       |       |    19 ||    19

Table legend:
 A = Non-vault XP
 B = Vault XP
 C = Vault XP percentage of total XP
 D = Non-vault monster count
 E = Vault monster count
 F = Vault count percentage of total count
                 A         B        C        D         E       F
            +---------+---------+-------+---------+---------+-------
      Total |     820 |     652 |  44.3 |      65 |       2 |   3.0
            +---------+---------+-------+---------+---------+-------
        D:1 |      42 |       0 |   0.0 |      23 |       0 |   0.0
        D:2 |       2 |       0 |   0.0 |       1 |       0 |   0.0
        D:4 |     249 |     652 |  72.4 |      12 |       2 |  14.3
        D:5 |     356 |       0 |   0.0 |      19 |       0 |   0.0
        D:6 |     171 |       0 |   0.0 |      10 |       0 |   0.0
            +---------+---------+-------+---------+---------+-------
